 Dungeon Crawl Stone Soup version 0.29-a0-371-g91724d5b39 (webtiles) character file.

Game seed: 11213371354856617182

18275 spaghetti the Thaumaturge (level 12, -2/91 HPs)
             Began as a Gnoll Earth Elementalist on May 2, 2022.
             Was a High Priest of Cheibriados.
             Slain by a death yak (6 damage)
             ... on level 3 of the Lair of Beasts.
             The game lasted 00:24:36 (15231 turns).

spaghetti the Thaumaturge (GnEE)                   Turns: 15231, Time: 00:24:37

Health: -2/91      AC:  9    Str: 18    XL:     12   Next: 56%
Magic:  2/34       EV: 24    Int: 32    God:    Cheibriados [*****.]
Gold:   557        SH:  0    Dex: 29    Spells: 7/29 levels left

rFire   . . .      SeeInvis .   M - +2 hunting sling "Wuol" {venom, Int+2 Dex+4, sling}
rCold   . . .      Faith    +   (no shield)
rNeg    . . .      Spirit   .   m - +0 acid dragon scales
rPois   .          Reflect  .   l - +0 helmet
rElec   .          Harm     .   (no cloak)
rCorr   +          Rampage  .   (no gloves)
Will    .....                   (no boots)
Stlth   ++++......              Y - amulet of faith {!P}
HPRegen 0.25/turn               G - +4 ring of evasion
MPRegen 0.24/turn               Q - ring of magical power

@: about to teleport, very slow
A: fangs 1, strong nose, distributed training
a: Renounce Religion, Bend Time, Temporal Distortion, Slouch, Step From Time


You were on level 3 of the Lair of Beasts.
You worshipped Cheibriados.
Cheibriados was extremely pleased with you.
You visited 3 branches of the dungeon, and saw 13 of its levels.

You collected 557 gold pieces.


Innate Abilities, Weirdness & Mutations

You have very sharp teeth.
Your uncanny sense of smell can sniff out nearby items.
Your experience applies equally to all skills.


   Skills:
 + Level 7.4 Fighting
 + Level 7.4 Short Blades
 + Level 7.4 Long Blades
 + Level 7.4 Axes
 + Level 7.4 Maces & Flails
 + Level 7.4 Polearms
 + Level 7.4 Staves
 + Level 7.4 Slings
 + Level 7.4 Bows
 + Level 7.4 Crossbows
 + Level 7.4 Throwing
 + Level 7.4 Armour
 + Level 8.8 Dodging
 + Level 8.6 Stealth
 + Level 7.4 Shields
 + Level 7.4 Unarmed Combat
 + Level 9.0 Spellcasting
 + Level 6.1 Conjurations
 + Level 6.1 Hexes
 + Level 6.1 Summonings
 + Level 6.1 Necromancy
 + Level 6.1 Translocations
 + Level 6.5 Transmutations
 + Level 6.1 Fire Magic
 + Level 6.1 Ice Magic
 + Level 6.1 Air Magic
 + Level 8.3 Earth Magic
 + Level 6.1 Poison Magic
 + Level 8.1 Invocations
 + Level 7.4 Evocations


You had 7 spell levels left.
You knew the following spells:

 Your Spells              Type           Power      Damage    Failure   Level
a - Sandblast             Erth           100%       2d20      1%          1
b - Iskenderun's Battles  Conj           52%        2d10      10%         5
c - Stone Arrow           Conj/Erth      100%       3d13      1%          3
d - Iron Shot             Conj/Erth      28%        9d6       32%         6
e - Spellforged Servitor  Conj/Summ      26%        N/A       96%         7

Your spell library contained the following spells:

 Spells                   Type           Power      Damage    Failure   Level
 Beastly Appendage        Tmut           100%       N/A       1%          1
 Magic Dart               Conj           100%       1d8       1%          1
 Shock                    Conj/Air       100%       1d9       1%          1
 Slow                     Hex            100%       N/A       1%          1
 Summon Small Mammal      Summ           100%       N/A       1%          1
 Ensorcelled Hibernation  Hex/Ice        100%       N/A       1%          2
 Passwall                 Tmut/Erth      48%        N/A       1%          2
 Searing Ray              Conj           100%       2d8       1%          2
 Wereblood                Tmut           54%        N/A       1%          2
 Call Canine Familiar     Summ           52%        N/A       1%          3
 Confusing Touch          Hex            52%        N/A       1%          3
 Frozen Ramparts          Ice            100%       1d12      1%          3
 Spider Form              Tmut/Pois      53%        N/A       1%          3
 Summon Guardian Golem    Hex/Summ       52%        N/A       1%          3
 Swiftness                Air            52%        N/A       1%          3
 Vampiric Draining        Necr           52%        2d9       1%          3
 Petrify                  Tmut/Erth      58%        N/A       1%          4
 Airstrike                Air            26%        N/A       3%          4
 Anguish                  Hex/Necr       26%        N/A       3%          4
 Fulminant Prism          Conj/Hex       26%        3d14      3%          4
 Ice Form                 Ice/Tmut       53%        N/A       3%          4
 Olgreb's Toxic Radiance  Pois           52%        N/A       3%          4
 Summon Ice Beast         Ice/Summ       52%        N/A       3%          4
 Ozocubu's Refrigeration  Ice            26%        4d10      96%         7
 Ignition                 Fire           26%        3d9       100%        8

Inventory:

Hand Weapons
 t - the +1 flail "Wusijumn" {vorpal, rC+, mace}
   (You found it on level 2 of the Lair of Beasts)

   It inflicts extra damage upon your enemies.
   rC:        It protects you from cold.
 J - the +7 spear "Mog Deno" {drain, rC+ Dex+2 SInv, polearm}
   (You found it on level 3 of the Dungeon)

   A truly terrible weapon, it drains the life of any living foe it strikes.
   Dex:       It affects your dexterity (+2).
   rC:        It protects you from cold.
   SInv:      It lets you see invisible.
 M - the +2 hunting sling "Wuol" (weapon) {venom, Int+2 Dex+4, sling}
   (You found it on level 2 of the Lair of Beasts)

   Any ammunition fired from it poisons the flesh of those it strikes.
   Int:       It affects your intelligence (+2).
   Dex:       It affects your dexterity (+4).
Missiles
 a - 188 stones {throwing}
 k - 10 boomerangs {throwing}
 n - 3 curare-tipped darts {=fthrowing}
 C - 6 javelins {throwing}
 E - 20 poisoned darts {throwing}
 U - a throwing net {=f!fthrowing}
Armour
 b - a +0 robe
 l - a +0 helmet (worn)
   (You found it on level 8 of the Dungeon)
 m - +0 acid dragon scales (worn)
   (You found it on level 9 of the Dungeon)
 I - an orb of guile
   (You found it on level 3 of the Dungeon)
Magical Staves
 p - a staff of cold {!astaff}
   (You found it on level 8 of the Dungeon)
 r - a staff of death {!astaff}
   (You found it on level 2 of the Dungeon)
Jewellery
 G - a +4 ring of evasion (left hand)
   (You found it on level 2 of the Lair of Beasts)
 K - a +6 ring of dexterity
   (You found it on level 3 of the Dungeon)
 Q - a ring of magical power (right hand)
   (You found it on level 5 of the Dungeon)
 T - a +6 ring of strength
   (You took it off an orc on level 5 of the Dungeon)
 W - an amulet of the acrobat
   (You found it on level 5 of the Dungeon)
 Y - an amulet of faith (around neck) {!P}
   (You found it on level 6 of the Dungeon)
Wands
 s - a wand of polymorph (6)
   (You found it on level 1 of the Lair of Beasts)
 D - a wand of acid (15)
   (You found it on level 3 of the Dungeon)
 N - a wand of paralysis (8)
   (You found it on level 4 of the Dungeon)
 R - a wand of flame (31)
   (You found it on level 5 of the Dungeon)
 X - a wand of iceblast (22)
   (You found it on level 6 of the Dungeon)
Scrolls
 d - a scroll of holy word
 e - 3 scrolls of amnesia
 h - 4 scrolls of teleportation {@r4}
 i - a scroll of magic mapping {!r}
 j - a scroll of enchant armour
 u - 3 scrolls of fog
 x - 3 scrolls of noise {!r}
 y - a scroll of immolation {!r!r}
 F - a scroll of vulnerability {!r!r}
 H - 4 scrolls of enchant weapon
 O - a scroll of torment {!r}
 S - 3 scrolls of blinking {unknown}
Potions
 c - a potion of magic
 f - a potion of resistance {unknown}
 g - 2 potions of heal wounds {unknown}
 o - 3 potions of haste {forbidden@q3}
 q - 17 potions of degeneration {!q@e2}
 v - 3 potions of attraction {unknown}
 z - 5 potions of flight {unknown}
 A - a potion of brilliance {unknown}
 B - 3 potions of berserk rage {unknown}
 L - 3 potions of mutation {unknown}
 P - a potion of cancellation
 V - 2 potions of curing {@q1}
 Z - 2 potions of lignification {unknown}

Dungeon Overview and Level Annotations

Branches:
Dungeon (9/15)             Temple (1/1) D:7            Lair (3/6) D:9
  Swamp: Lair:2-4    Shoals: Lair:2-4     Snake: Lair:2-4    Spider: Lair:2-4
    Orc: D:9-12

Altars:
Ashenzari
Cheibriados
Dithmenos
Elyvilon
Fedhas
Gozag
Hepliaklqana
Kikubaaqudgha
Makhleb
Nemelex Xobeh
Okawaru
Qazlal
Ru
Sif Muna
Trog
Uskayaw
Vehumet
Wu Jian
Xom
Yredelemnul
Zin
The Shining One

Shops:
D:2 :   D:5 *   D:9 (?![

Annotations:
D:5 1 exclusion

#....)............
#.................
##..##..#.....###.P
#...#######P...##..
#...# #...##...
#...## #....#P..
#.Y..# #...#....
#.Y.## ##...#...
##@Y# ##...##..


#YlY# #...###.. ...l..†....# #...# #.. ###.##.#..## ##..# ##. #.#### ##.# ## ##
### You could see 5 death yaks and a wyvern.


Message History

Press: ? - help, Shift-Dir - straight line, f/p - death yak
Aim: a death yak (almost dead, 92% to hit)
The stone arrow hits the death yak!
Your battlesphere fires!
The barrage of energy hits the death yak.
You kill the death yak!
Cheibriados appreciates the change of pace.
A death yak comes into view.
The death yak gores your battlesphere. 😎 MP[-3]
You lost 3 mp, and now have 12/34 mp.
Casting: Stone Arrow (safe; 1% risk of failure)
Confirm with . or Enter, or press ? or * to list all spells.
Aiming: Stone Arrow (safe; 1% risk of failure)
Press: ? - help, Shift-Dir - straight line, f - death yak
Aim: a death yak (92% to hit)
The stone arrow hits the death yak!!
Your battlesphere fires!
The barrage of energy hits the death yak!
A death yak comes into view.
The death yak gores your battlesphere. 😎 MP[-2]
You lost 2 mp, and now have 10/34 mp.
Casting: Stone Arrow (safe; 1% risk of failure)
Confirm with . or Enter, or press ? or * to list all spells.
Aiming: Stone Arrow (safe; 1% risk of failure)
Press: ? - help, Shift-Dir - straight line, f/p - death yak
Aim: a death yak (heavily wounded, 92% to hit)
The stone arrow hits the death yak!!
Your battlesphere fires!
The barrage of energy hits the death yak.
The death yak completely misses you. The death yak gores your battlesphere!!
Your battlesphere is destroyed! 😎 MP[-3]
You lost 3 mp, and now have 7/34 mp.
Casting: Stone Arrow (safe; 1% risk of failure)
Confirm with . or Enter, or press ? or * to list all spells.
Aiming: Stone Arrow (safe; 1% risk of failure)
Press: ? - help, Shift-Dir - straight line, f/p - death yak
Aim: a death yak (almost dead, 92% to hit)
The stone arrow hits the death yak!
The death yak misses you. 😎 MP[-3]
You lost 3 mp, and now have 4/34 mp.
The death yak attacks as you move away! The death yak gores you!
The death yak attacks as you move away! The death yak gores you! x3
* * * LOW HITPOINT WARNING * * *
😨 HP[-55]
You take 55 damage, and now have 36/91 hp.
MASSIVE DAMAGE!! (PAUSE)
Okay, then.
Okay, then.
As you read the scroll of fear, it crumbles to dust.
You assume a fearsome visage.
The death yak resists with some effort.
The death yak resists with almost no effort. x2
The death yak resists with some effort.
The death yak misses you. 😨 HP[+1] MP[+1]
You warp the flow of time around you!
Cheibriados lowers the support of your attributes as your movement quickens. 😨 MP[-4]
You lost 4 mp, and now have 1/34 mp.
As you read the scroll of teleportation {@r4}, it crumbles to dust.
You feel strangely unstable.
The death yak bellows! x2
The death yak closely misses you. The death yak gores you.
* * * LOW HITPOINT WARNING * * *
The death yak closely misses you. 😨 HP[-5]
You take 5 damage, and now have 32/91 hp.
Unknown command.
Unknown command.
Unknown command.
Unknown command.
Unknown command.
Okay, then.
You feel better. The death yak closely misses you. x2
The death yak misses you. 😨 HP[+6]
You regained 6 hp, and now have 38/91 hp.
Unknown command.
Unknown command.
Unknown command.
Unknown command.
It was a potion of cancellation.
You feel strangely stable.
You feel magically purged. The death yak gores you!!
* * * LOW HITPOINT WARNING * * *
The death yak gores you but does no damage.
The death yak barely misses you.
The death yak gores you but does no damage. 😱 HP[-19]
You take 19 damage, and now have 19/91 hp.
MASSIVE DAMAGE!! (PAUSE) Unknown command.
As you read the scroll of teleportation {@r4}, it crumbles to dust.
You feel strangely unstable.
The death yak gores you but does no damage.
The death yak gores you!
* * * LOW HITPOINT WARNING * * *
The death yak gores you.
You die...

Skill      XL: |  1  2  3  4  5  6  7  8  9 10 11 12 |
---------------+-------------------------------------+-----
Transmutations | 2 3 4 5 6 |  6.5
Spellcasting   | 5 6 7 8 9 |  9.0
Invocations    | 1 2 3 4 5 6 7 8 |  8.1
Fighting       | 1 2 3 4 5 6 7 |  7.4
Short Blades   | 1 2 3 4 5 6 7 |  7.4
Long Blades    | 1 2 3 4 5 6 7 |  7.4
Axes           | 1 2 3 4 5 6 7 |  7.4
Maces & Flails | 1 2 3 4 5 6 7 |  7.4
Polearms       | 1 2 3 4 5 6 7 |  7.4
Staves         | 1 2 3 4 5 6 7 |  7.4
Slings         | 1 2 3 4 5 6 7 |  7.4
Bows           | 1 2 3 4 5 6 7 |  7.4
Crossbows      | 1 2 3 4 5 6 7 |  7.4
Throwing       | 1 2 3 4 5 6 7 |  7.4
Armour         | 1 2 3 4 5 6 7 |  7.4
Shields        | 1 2 3 4 5 6 7 |  7.4
Unarmed Combat | 1 2 3 4 5 6 7 |  7.4
Evocations     | 1 2 3 4 5 6 7 |  7.4
Conjurations   | 1 2 3 4 5 6 |  6.1
Hexes          | 1 2 3 4 5 6 |  6.1
Summonings     | 1 2 3 4 5 6 |  6.1
Necromancy     | 1 2 3 4 5 6 |  6.1
Translocations | 1 2 3 4 5 6 |  6.1
Fire Magic     | 1 2 3 4 5 6 |  6.1
Ice Magic      | 1 2 3 4 5 6 |  6.1
Air Magic      | 1 2 3 4 5 6 |  6.1
Poison Magic   | 1 2 3 4 5 6 |  6.1
Dodging        | 5 6 7 8 |  8.8
Stealth        | 5 6 7 8 |  8.6
Earth Magic    | 6 7 8 |  8.3

Action                   |  1- 3 |  4- 6 |  7- 9 | 10-12 || total
-------------------------+-------+-------+-------+-------++-------
Melee: Unarmed           |     1 |       |       |       ||     1
       Spear             |       |     1 |     9 |    25 ||    35
       Bite              |       |       |     1 |     4 ||     5
       Punch             |       |       |       |     2 ||     2
 Fire: Hunting sling     |       |       |       |     7 ||     7
Throw: Stone             |       |       |     5 |    37 ||    42
 Cast: Sandblast         |    44 |    70 |    11 |    70 ||   195
       Stone Arrow       |       |     5 |   154 |   189 ||   348
       Iskenderun's Batt |       |       |       |    13 ||    13
Invok: Temporal Distorti |       |       |       |     1 ||     1
  Use: Scroll            |       |     5 |     5 |     9 ||    19
       Potion            |       |       |     1 |     2 ||     3
Armor: Robe              |       |     2 |     4 |     5 ||    11
       Acid dragon scale |       |       |       |    16 ||    16
Dodge: Dodged            |    20 |    19 |    43 |   156 ||   238

Levels and vault maps discovered:
D:1:      dpeg_arrival_simpleton_b, layout_basic,
          chequers_serial_rivers_large_a, grunt_decor_arrowhead
D:2:      layout_loops_cross, ebering_ecumenical_altar_sacrificial,
          serial_shops, shop
D:3:      layout_loops_ring, grunt_ministairs_7, hex_medium, uniq_grinder
D:4:      layout_loops_ring, minmay_divided_ellipse
D:5:      cheibrodos_two_vegetables, layout_rooms, gup_sewer_entry_spiral,
          serial_shops, nicolae_shop_behind_doors,
          amcnicky_mini_rare_corridor_liquid
D:6:      layout_cave_pools
D:7:      layout_gridville, minmay_temple_entry_poolview, st_stairs_1
D:8:      layout_basic, mainiacjoe_overflow_alcove_2, enter_bailey_7
D:9:      kennysheep_six_static_rooms, layout_loops_corners,
          minmay_lair_entry_grove, serial_shops, nicolae_diamond_shop,
          nicolae_stop_n_shop_1, shop, nicolae_square_shop,
          hangedman_decor_diamond_cutter, grunt_livestock,
          kennysheep_big_empty_room
Temple:   regret_index_temple_sigil_plot
Lair:1:   layout_regular_city, grunt_megastairs_2
Lair:2:   layout_gridlike, uniq_fannar
Lair:3:   layout_small_grid, special_room [special_room_bee]

Notes
Turn   | Place    | Note
-------+----------+-------------------------------------------
     0 | D:1      | spaghetti the Gnoll Earth Elementalist began the quest for
                  | the Orb.
     0 | D:1      | Reached XP level 1. HP: 13/13 MP: 6/6
     0 | D:1      | magus.rc [v1.9.6]
    48 | D:1      | Reached skill level 2 in Transmutations
   253 | D:1      | Reached XP level 2. HP: 16/19 MP: 4/7
   254 | D:1      | You pick up a book of Changes and begin reading...
   254 | D:1      | You add the spells Beastly Appendage, Wereblood and Spider
                  | Form to your library.
   465 | D:1      | You pick up a book of Conjurations {@e2} and begin
                  | reading...
   465 | D:1      | You add the spells Magic Dart, Searing Ray and Fulminant
                  | Prism to your library.
   679 | D:1      | Reached XP level 3. HP: 23/25 MP: 6/9
   721 | D:1      | Reached skill level 5 in Spellcasting
  1108 | D:2      | Reached skill level 1 in Invocations
  1161 | D:2      | Reached skill level 1 in Fighting
  1161 | D:2      | Reached skill level 1 in Short Blades
  1161 | D:2      | Reached skill level 1 in Long Blades
  1161 | D:2      | Reached skill level 1 in Axes
  1161 | D:2      | Reached skill level 1 in Maces & Flails
  1161 | D:2      | Reached skill level 1 in Polearms
  1161 | D:2      | Reached skill level 1 in Staves
  1161 | D:2      | Reached skill level 1 in Slings
  1161 | D:2      | Reached skill level 1 in Bows
  1161 | D:2      | Reached skill level 1 in Crossbows
  1161 | D:2      | Reached skill level 1 in Throwing
  1161 | D:2      | Reached skill level 1 in Armour
  1161 | D:2      | Reached skill level 1 in Shields
  1161 | D:2      | Reached skill level 1 in Unarmed Combat
  1161 | D:2      | Reached skill level 1 in Evocations
  1167 | D:2      | You pick up a book of Power and begin reading...
  1167 | D:2      | You add the spells Iskenderun's Battlesphere, Iron Shot and
                  | Spellforged Servitor to your library.
  1287 | D:2      | Found a faded altar of an unknown god.
  1328 | D:2      | Reached XP level 4. HP: 32/32 MP: 8/11
  1479 | D:2      | Found Apipos's Book Shoppe.
  1491 | D:2      | You pick up a book of Callings and begin reading...
  1491 | D:2      | You add the spells Summon Small Mammal, Call Canine
                  | Familiar and Summon Guardian Golem to your library.
  1498 | D:2      | You pick up a book of Rime and begin reading...
  1498 | D:2      | You add the spells Frozen Ramparts, Ice Form and Summon Ice
                  | Beast to your library.
  1844 | D:2      | Reached skill level 1 in Conjurations
  1844 | D:2      | Reached skill level 1 in Hexes
  1844 | D:2      | Reached skill level 1 in Summonings
  1844 | D:2      | Reached skill level 1 in Necromancy
  1844 | D:2      | Reached skill level 1 in Translocations
  1844 | D:2      | Reached skill level 1 in Fire Magic
  1844 | D:2      | Reached skill level 1 in Ice Magic
  1844 | D:2      | Reached skill level 1 in Air Magic
  1844 | D:2      | Reached skill level 1 in Poison Magic
  2031 | D:3      | Reached XP level 5. HP: 18/37 MP: 2/12
  2200 | D:3      | Noticed Grinder
  2212 | D:3      | Killed Grinder
  2213 | D:3      | Reached skill level 2 in Fighting
  2213 | D:3      | Reached skill level 2 in Short Blades
  2213 | D:3      | Reached skill level 2 in Long Blades
  2213 | D:3      | Reached skill level 2 in Axes
  2213 | D:3      | Reached skill level 2 in Maces & Flails
  2213 | D:3      | Reached skill level 2 in Polearms
  2213 | D:3      | Reached skill level 2 in Staves
  2213 | D:3      | Reached skill level 2 in Slings
  2213 | D:3      | Reached skill level 2 in Bows
  2213 | D:3      | Reached skill level 2 in Crossbows
  2213 | D:3      | Reached skill level 2 in Throwing
  2213 | D:3      | Reached skill level 2 in Armour
  2213 | D:3      | Reached skill level 5 in Dodging
  2213 | D:3      | Reached skill level 2 in Shields
  2213 | D:3      | Reached skill level 2 in Unarmed Combat
  2213 | D:3      | Reached skill level 2 in Invocations
  2213 | D:3      | Reached skill level 2 in Evocations
  2213 | D:3      | Reached XP level 6. HP: 33/44 MP: 5/14
  2294 | D:3      | Learned a level 5 spell: Iskenderun's Battlesphere
  2637 | D:3      | Identified the +7 spear "Mog Deno" {drain, rC+ Dex+2 SInv}
  2909 | D:3      | Learned a level 3 spell: Stone Arrow
  3020 | D:3      | You add the spells Olgreb's Toxic Radiance, Ozocubu's
                  | Refrigeration and Ignition to your library.
  3164 | D:4      | Reached XP level 7. HP: 42/50 MP: 2/15
  3336 | D:4      | Reached skill level 2 in Conjurations
  3336 | D:4      | Reached skill level 2 in Hexes
  3336 | D:4      | Reached skill level 2 in Summonings
  3336 | D:4      | Reached skill level 2 in Necromancy
  3336 | D:4      | Reached skill level 2 in Translocations
  3336 | D:4      | Reached skill level 2 in Fire Magic
  3336 | D:4      | Reached skill level 2 in Ice Magic
  3336 | D:4      | Reached skill level 2 in Air Magic
  3336 | D:4      | Reached skill level 2 in Poison Magic
  3704 | D:4      | You pick up a book of Air and begin reading...
  3704 | D:4      | You add the spells Shock, Swiftness and Airstrike to your
                  | library.
  3840 | D:4      | Reached skill level 3 in Transmutations
  4308 | D:4      | Reached skill level 5 in Stealth
  4308 | D:4      | Reached skill level 3 in Invocations
  4418 | D:5      | Entered Level 5 of the Dungeon
  4696 | D:5      | Reached skill level 6 in Earth Magic
  4696 | D:5      | Reached XP level 8. HP: 57/57 MP: 16/16
  4827 | D:5      | Reached skill level 3 in Fighting
  4827 | D:5      | Reached skill level 3 in Short Blades
  4827 | D:5      | Reached skill level 3 in Long Blades
  4827 | D:5      | Reached skill level 3 in Axes
  4827 | D:5      | Reached skill level 3 in Maces & Flails
  4827 | D:5      | Reached skill level 3 in Polearms
  4827 | D:5      | Reached skill level 3 in Staves
  4827 | D:5      | Reached skill level 3 in Slings
  4827 | D:5      | Reached skill level 3 in Bows
  4827 | D:5      | Reached skill level 3 in Crossbows
  4827 | D:5      | Reached skill level 3 in Throwing
  4827 | D:5      | Reached skill level 3 in Armour
  4827 | D:5      | Reached skill level 3 in Shields
  4827 | D:5      | Reached skill level 3 in Unarmed Combat
  4827 | D:5      | Reached skill level 3 in Evocations
  5046 | D:5      | Found Liaroc's Assorted Antiques.
  5236 | D:5      | Reached skill level 6 in Spellcasting
  6143 | D:6      | Reached skill level 4 in Invocations
  6145 | D:6      | Reached skill level 3 in Conjurations
  6145 | D:6      | Reached skill level 3 in Hexes
  6145 | D:6      | Reached skill level 3 in Summonings
  6145 | D:6      | Reached skill level 3 in Necromancy
  6145 | D:6      | Reached skill level 3 in Translocations
  6145 | D:6      | Reached skill level 3 in Fire Magic
  6145 | D:6      | Reached skill level 3 in Ice Magic
  6145 | D:6      | Reached skill level 3 in Air Magic
  6145 | D:6      | Reached skill level 3 in Poison Magic
  6254 | D:6      | You pick up a book of Dreams and begin reading...
  6254 | D:6      | You add the spells Ensorcelled Hibernation and Anguish to
                  | your library.
  6505 | D:7      | Reached skill level 6 in Dodging
  6508 | D:7      | Reached XP level 9. HP: 65/65 MP: 9/18
  7073 | D:7      | Noticed a two-headed ogre
  7079 | D:7      | Killed a two-headed ogre
  7080 | D:7      | Reached skill level 4 in Fighting
  7080 | D:7      | Reached skill level 4 in Short Blades
  7080 | D:7      | Reached skill level 4 in Long Blades
  7080 | D:7      | Reached skill level 4 in Axes
  7080 | D:7      | Reached skill level 4 in Maces & Flails
  7080 | D:7      | Reached skill level 4 in Polearms
  7080 | D:7      | Reached skill level 4 in Staves
  7080 | D:7      | Reached skill level 4 in Slings
  7080 | D:7      | Reached skill level 4 in Bows
  7080 | D:7      | Reached skill level 4 in Crossbows
  7080 | D:7      | Reached skill level 4 in Throwing
  7080 | D:7      | Reached skill level 4 in Armour
  7080 | D:7      | Reached skill level 6 in Stealth
  7080 | D:7      | Reached skill level 4 in Shields
  7080 | D:7      | Reached skill level 4 in Unarmed Combat
  7080 | D:7      | Reached skill level 4 in Transmutations
  7080 | D:7      | Reached skill level 4 in Evocations
  7432 | D:7      | Found a staircase to the Ecumenical Temple.
  7443 | Temple   | Entered the Ecumenical Temple
  7745 | Temple   | Became a worshipper of Cheibriados the Contemplative
  7844 | D:7      | Learned a level 6 spell: Iron Shot
  8346 | D:8      | Reached skill level 5 in Invocations
  8535 | D:8      | Reached * piety under Cheibriados
  8841 | D:8      | Reached skill level 7 in Spellcasting
  9033 | D:8      | Reached skill level 4 in Conjurations
  9033 | D:8      | Reached skill level 4 in Hexes
  9033 | D:8      | Reached skill level 4 in Summonings
  9033 | D:8      | Reached skill level 4 in Necromancy
  9033 | D:8      | Reached skill level 4 in Translocations
  9033 | D:8      | Reached skill level 4 in Fire Magic
  9033 | D:8      | Reached skill level 4 in Ice Magic
  9033 | D:8      | Reached skill level 4 in Air Magic
  9033 | D:8      | Reached skill level 4 in Poison Magic
  9033 | D:8      | Reached XP level 10. HP: 70/73 MP: 17/20
  9038 | D:8      | HP: 14/73 [yak (6)]
  9305 | D:8      | Reached skill level 5 in Fighting
  9305 | D:8      | Reached skill level 5 in Short Blades
  9305 | D:8      | Reached skill level 5 in Long Blades
  9305 | D:8      | Reached skill level 5 in Axes
  9305 | D:8      | Reached skill level 5 in Maces & Flails
  9305 | D:8      | Reached skill level 5 in Polearms
  9305 | D:8      | Reached skill level 5 in Staves
  9305 | D:8      | Reached skill level 5 in Slings
  9305 | D:8      | Reached skill level 5 in Bows
  9305 | D:8      | Reached skill level 5 in Crossbows
  9305 | D:8      | Reached skill level 5 in Throwing
  9305 | D:8      | Reached skill level 5 in Armour
  9305 | D:8      | Reached skill level 5 in Shields
  9305 | D:8      | Reached skill level 5 in Unarmed Combat
  9305 | D:8      | Reached skill level 5 in Evocations
  9314 | D:8      | Reached skill level 7 in Earth Magic
  9555 | D:8      | Found a stormy altar of Qazlal.
  9971 | D:9      | Found Ubaafus's Distillery.
 10008 | D:9      | Reached skill level 7 in Dodging
 10011 | D:9      | Reached ** piety under Cheibriados
 10038 | D:9      | Reached skill level 5 in Transmutations
 10286 | D:9      | You pick up a book of Debilitation and begin reading...
 10286 | D:9      | You add the spells Slow, Vampiric Draining and Confusing
                  | Touch to your library.
 10367 | D:9      | Noticed a two-headed ogre
 10369 | D:9      | Reached skill level 6 in Invocations
 10375 | D:9      | Killed a two-headed ogre
 10376 | D:9      | Reached skill level 7 in Stealth
 10555 | D:9      | Found Koimeu's Armour Emporium.
 10814 | D:9      | Reached *** piety under Cheibriados
 10930 | D:9      | Reached XP level 11. HP: 81/81 MP: 22/22
 11314 | D:9      | Found a staircase to the Lair.
 11319 | D:9      | Reached skill level 6 in Fighting
 11319 | D:9      | Reached skill level 6 in Short Blades
 11319 | D:9      | Reached skill level 6 in Long Blades
 11319 | D:9      | Reached skill level 6 in Axes
 11319 | D:9      | Reached skill level 6 in Maces & Flails
 11319 | D:9      | Reached skill level 6 in Polearms
 11319 | D:9      | Reached skill level 6 in Staves
 11319 | D:9      | Reached skill level 6 in Slings
 11319 | D:9      | Reached skill level 6 in Bows
 11319 | D:9      | Reached skill level 6 in Crossbows
 11319 | D:9      | Reached skill level 6 in Throwing
 11319 | D:9      | Reached skill level 6 in Armour
 11319 | D:9      | Reached skill level 6 in Shields
 11319 | D:9      | Reached skill level 6 in Unarmed Combat
 11319 | D:9      | Reached skill level 6 in Evocations
 11326 | D:9      | Reached skill level 5 in Conjurations
 11326 | D:9      | Reached skill level 5 in Hexes
 11326 | D:9      | Reached skill level 5 in Summonings
 11326 | D:9      | Reached skill level 5 in Necromancy
 11326 | D:9      | Reached skill level 5 in Translocations
 11326 | D:9      | Reached skill level 5 in Fire Magic
 11326 | D:9      | Reached skill level 5 in Ice Magic
 11326 | D:9      | Reached skill level 5 in Air Magic
 11326 | D:9      | Reached skill level 5 in Poison Magic
 11531 | D:9      | Reached skill level 8 in Spellcasting
 11691 | D:9      | Found Maghiezo's Magic Scroll Shop.
 11716 | D:9      | Found Vothenain's Antique Weapon Boutique.
 11747 | D:9      | Noticed a two-headed ogre
 11755 | D:9      | Killed a two-headed ogre
 11947 | D:9      | Reached skill level 7 in Invocations
 12269 | Lair:1   | Entered Level 1 of the Lair of Beasts
 12350 | Lair:1   | Reached skill level 8 in Dodging
 12406 | Lair:1   | Reached **** piety under Cheibriados
 12453 | Lair:1   | Learned a level 7 spell: Spellforged Servitor
 12730 | Lair:1   | Reached skill level 6 in Transmutations
 12734 | Lair:1   | Reached skill level 8 in Stealth
 13663 | Lair:2   | Reached skill level 8 in Earth Magic
 13670 | Lair:1   | Reached XP level 12. HP: 74/89 MP: 20/24
 13772 | Lair:2   | Reached ***** piety under Cheibriados
 13855 | Lair:2   | Identified the +1 flail "Wusijumn" {vorpal, rC+}
 13991 | Lair:2   | Noticed a five-headed hydra
 13999 | Lair:2   | Killed a five-headed hydra
 14000 | Lair:2   | Reached skill level 7 in Fighting
 14000 | Lair:2   | Reached skill level 7 in Short Blades
 14000 | Lair:2   | Reached skill level 7 in Long Blades
 14000 | Lair:2   | Reached skill level 7 in Axes
 14000 | Lair:2   | Reached skill level 7 in Maces & Flails
 14000 | Lair:2   | Reached skill level 7 in Polearms
 14000 | Lair:2   | Reached skill level 7 in Staves
 14000 | Lair:2   | Reached skill level 7 in Slings
 14000 | Lair:2   | Reached skill level 7 in Bows
 14000 | Lair:2   | Reached skill level 7 in Crossbows
 14000 | Lair:2   | Reached skill level 7 in Throwing
 14000 | Lair:2   | Reached skill level 7 in Armour
 14000 | Lair:2   | Reached skill level 7 in Shields
 14000 | Lair:2   | Reached skill level 7 in Unarmed Combat
 14000 | Lair:2   | Reached skill level 7 in Evocations
 14131 | Lair:2   | Noticed a six-headed hydra
 14137 | Lair:2   | Killed a six-headed hydra
 14258 | Lair:2   | Identified the +2 hunting sling "Wuol" {venom, Int+2 Dex+4}
 14577 | Lair:2   | Reached skill level 6 in Conjurations
 14577 | Lair:2   | Reached skill level 6 in Hexes
 14577 | Lair:2   | Reached skill level 6 in Summonings
 14577 | Lair:2   | Reached skill level 6 in Necromancy
 14577 | Lair:2   | Reached skill level 6 in Translocations
 14577 | Lair:2   | Reached skill level 6 in Fire Magic
 14577 | Lair:2   | Reached skill level 6 in Ice Magic
 14577 | Lair:2   | Reached skill level 6 in Air Magic
 14577 | Lair:2   | Reached skill level 6 in Poison Magic
 14850 | Lair:2   | Noticed Fannar
 14857 | Lair:2   | Killed Fannar
 14858 | Lair:2   | Reached skill level 8 in Invocations
 14982 | Lair:3   | Reached skill level 9 in Spellcasting
 15215 | Lair:3   | Noticed a death yak
 15217 | Lair:3   | Noticed a death yak
 15218 | Lair:3   | Noticed a death yak
 15220 | Lair:3   | Noticed a death yak
 15222 | Lair:3   | Killed a death yak
 15222 | Lair:3   | Noticed a death yak
 15223 | Lair:3   | Noticed a death yak
 15230 | Lair:3   | HP: 19/91 [death yak (19)]
 15231 | Lair:3   | HP: 4/91 [death yak (16)]
 15231 | Lair:3   | Slain by a death yak

Vanquished Creatures
  Fannar (Lair:2)
  2 hydras (Lair:2)
  3 two-headed ogres
  A death yak (Lair:3)
  2 black mambas
  4 cane toads
  3 komodo dragons (Lair:2)
  Grinder (D:3)
  4 blink frogs (Lair:3)
  2 shadows (D:9)
  4 wyverns (D:9)
  A wraith (D:9)
  28 yaks
  A human (D:9)
  3 basilisks
  2 hogs (D:9)
  An acid dragon (D:9)
  6 water moccasins
  An orc warrior (D:7)
  A black bear (D:5)
  3 ice beasts
  3 ogres
  6 wolves
  A phantom (D:4)
  6 bullfrogs
  3 kobold brigands
  2 gnoll sergeants (D:9)
  2 necrophages
  A scorpion (D:9)
  9 wights
  13 killer bees
  2 howler monkeys
  3 orc priests
  A gnoll shaman (D:7)
  4 hounds
  A jelly (D:5)
  An iguana (D:5)
  7 orc wizards
  12 gnolls
  10 adders
  A river rat (D:5)
  5 white imps
  4 worms
  6 dart slugs
  31 orcs
  5 endoplasms
  3 giant cockroaches
  7 goblins
  5 hobgoblins
  6 jackals
  13 kobolds
  5 quokkas
  6 ball pythons
  8 bats
  A frilled lizard (D:2)
  8 rats
275 creatures vanquished.

Vanquished Creatures (others)
  A bush (D:9)
  14 fungi
  29 plants
44 creatures vanquished.

Grand Total: 319 creatures vanquished

Table legend:
 A = Non-vault XP
 B = Vault XP
 C = Vault XP percentage of total XP
 D = Non-vault monster count
 E = Vault monster count
 F = Vault count percentage of total count
                 A         B        C        D         E       F
            +---------+---------+-------+---------+---------+-------
      Total |   20040 |    6068 |  23.2 |     217 |      58 |  21.1
            +---------+---------+-------+---------+---------+-------
        D:1 |      44 |       0 |   0.0 |      22 |       0 |   0.0
        D:2 |      89 |       0 |   0.0 |      24 |       0 |   0.0
        D:3 |      61 |     341 |  84.8 |      23 |       5 |  17.9
        D:4 |     250 |     246 |  49.6 |       8 |      13 |  61.9
        D:5 |     659 |      90 |  12.0 |      20 |       8 |  28.6
        D:6 |     414 |       0 |   0.0 |       8 |       0 |   0.0
        D:7 |    1335 |     241 |  15.3 |      14 |       3 |  17.6
        D:8 |    2067 |      45 |   2.1 |      28 |       4 |  12.5
        D:9 |    3998 |    4209 |  51.3 |      29 |      24 |  45.3
     Lair:1 |    4656 |       0 |   0.0 |      24 |       0 |   0.0
     Lair:2 |    4615 |     896 |  16.3 |      12 |       1 |   7.7
     Lair:3 |    1852 |       0 |   0.0 |       5 |       0 |   0.0
            +---------+---------+-------+---------+---------+-------

Illustrated notes

Table legend:
 A = Kills in this place as a percentage of kills in entire the game.
 B = Kills by you in this place as a percentage of kills by you in the entire game.
 C = Kills by friends in this place as a percentage of kills by friends in the entire game.
 D = Other kills in this place as a percentage of other kills in the entire game.
 E = Experience gained in this place as a percentage of experience gained in the entire game.
 F = Experience gained in this place divided by the number of levels of this place that you have seen.
                   A       B       C       D       E      F
               +-------+-------+-------+-------+-------+----------------------
         Total | 100.0 | 100.0 |   N/A |   N/A | 100.0 | 2008.3
       Dungeon |  84.7 |  84.7 |   N/A |   N/A |  54.0 | 1565.4
          Lair |  15.3 |  15.3 |   N/A |   N/A |  46.0 | 4006.3
               +-------+-------+-------+-------+-------+----------------------

Table legend: (Time is in decaauts)
 A = Elapsed time spent in this place.
 B = Non-inter-level travel time spent in this place.
 C = Inter-level travel time spent in this place.
 D = Time resting spent in this place.
 E = Time spent auto-exploring this place.
 F = Levels seen in this place.
 G = Mean time per level.
                   A        B        C        D        E       F      G
               +--------+--------+--------+--------+--------+-----+--------+
         Total |  17109 |  16769 |    340 |   3663 |  11428 |  13 | 1316.1 |
       Dungeon |  12853 |  12625 |    228 |   3126 |   8150 |   9 | 1428.1 |
        Temple |    315 |    272 |     43 |      0 |    251 |   1 |  315.0 |
          Lair |   3940 |   3873 |     67 |    537 |   3027 |   3 | 1313.3 |
               +--------+--------+--------+--------+--------+-----+--------+

Top non-repeatable levels by time:
     D:9: 2615 daAuts
     D:8: 2104 daAuts
  Lair:1: 1980 daAuts
  Lair:2: 1609 daAuts
     D:7: 1601 daAuts
     D:5: 1381 daAuts
     D:3: 1210 daAuts
     D:4: 1188 daAuts
     D:1: 1090 daAuts
     D:2: 930 daAuts
     D:6: 732 daAuts
  Lair:3: 351 daAuts
  Temple: 315 daAuts
